 Dungeon Crawl Stone Soup version 0.29-a0-613-gf2c431b9b9 (webtiles) character file.

Game seed: 7190694134588821862

58 Nietzsche the Ducker (level 3, -5/27 HPs)
             Began as a Vampire Gladiator on June 16, 2022.
             Slain by Sigmund
             ... wielding a +0 scythe
              (9 damage)
             ... on level 2 of the Dungeon.
             The game lasted 00:02:22 (1090 turns).

Nietzsche the Ducker (Vampire Gladiator)            Turns: 1090, Time: 00:02:23

Health: -5/27      AC:  4    Str: 13    XL:     3   Next: 75%
Magic:  3/3        EV: 13    Int: 10    God:
Gold:   221        SH:  0    Dex: 17    Spells: 2/2 levels left

rFire   . . .      SeeInvis +   a - +0 long sword
rCold   . . .      Faith    .   (no shield)
rNeg    . . .      Spirit   .   b - +0 leather armour
rPois   .          Reflect  .   c - +0 helmet
rElec   .          Harm     .   (no cloak)
rCorr   .          Rampage  .   (no gloves)
Will    .....                   (no boots)
Stlth   +.........              (no amulet)
HPRegen 0.29/turn               (no ring)
MPRegen 0.08/turn               (no ring)

@: flying, healing quickly
A: alive, fangs 3, see invisible, vampiric 2
a: Exsanguinate


You were on level 2 of the Dungeon.
You visited 1 branch of the dungeon, and saw 2 of its levels.

You collected 221 gold pieces.

Inventory:

Hand Weapons
 a - a +0 long sword (weapon)
Missiles
 d - 3 throwing nets (quivered)
 e - a javelin
Armour
 b - a +0 leather armour (worn)
 c - a +0 helmet (worn)
Scrolls
 f - 4 scrolls of teleportation {unknown}
 i - a scroll of identify {unknown}
Potions
 g - a potion of magic {unknown}
 h - a potion of flight
 k - a potion of attraction {unknown}
 l - a potion of resistance {unknown}


   Skills:
 + Level 2.2 Fighting
 + Level 3.6 Long Blades
 + Level 1.8 Throwing
 + Level 0.8 Armour
 + Level 3.8 Dodging
 + Level 0.2 Stealth


You had 2 spell levels left.
You didn't know any spells.
Your spell library contained the following spells:

 Spells                   Type           Power      Damage    Failure   Level
 Summon Small Mammal      Summ           0%         N/A       43%         1
 Call Canine Familiar     Summ           0%         N/A       82%         3
 Summon Guardian Golem    Hex/Summ       0%         N/A       82%         3


Dungeon Overview and Level Annotations

Branches:
Dungeon (2/15)

Altars:

Annotations:
D:2 Sigmund


Innate Abilities, Weirdness & Mutations

Your natural rate of healing is accelerated.
You have razor-sharp teeth.
You have supernaturally acute eyesight. (SInv)
You are afflicted with vampirism and can become a bat while bloodless.


Message History

You slash Sigmund!
Sigmund is almost dead.
The endoplasm freezes you.
You are frozen.
Sigmund hits you with a +0 scythe!
* * * LOW HITPOINT WARNING * * *
You closely miss Sigmund.
Sigmund is almost dead.
The endoplasm hits you.
* * * LOW HITPOINT WARNING * * *
It was a potion of flight.
You feel very buoyant.
You fly up into the air.
Sigmund casts a spell at you. The magic dart hits you.
* * * LOW HITPOINT WARNING * * *
The endoplasm misses you.
It was a potion of curing.
You feel better. Sigmund misses you. The endoplasm misses you.
You feel better. The endoplasm freezes you.
You are frozen.
Sigmund hits you with a +0 scythe.
* * * LOW HITPOINT WARNING * * *
You hit Sigmund but do no damage.
Sigmund is almost dead.
The endoplasm closely misses you.
The endoplasm hits you but does no damage.
Sigmund hits you but does no damage.
You hit Sigmund but do no damage.
Sigmund is almost dead.
The endoplasm closely misses you.
You closely miss Sigmund.
Sigmund is almost dead.
Sigmund closely misses you. The endoplasm freezes you.
You are frozen.
* * * LOW HITPOINT WARNING * * *
You hit Sigmund but do no damage.
Sigmund is almost dead.
Sigmund hits you with a +0 scythe!
You die...

########....)###.#..#.....
#............# #.#<.#.....
#.##.###.##### #.#..######
#.# #># #.#..###### #.#
#.# #.# ....... #.# #.#
#####.# .######
##.###.##...... .......
#....)..@...# .######
#..#.....@J.#.# #
#...##.#.....# ## ...#
##...#.## #. ###. #.#.##>#
#.# # #.##.# .# #.# #.#
#.. .. #.# #. ####.# #. #
.# ## #


You could see Sigmund and an endoplasm.

Vanquished Creatures
  An adder (D:2)
  A worm (D:2)
  A dart slug (D:1)
  4 ball pythons
  8 endoplasms
  3 giant cockroaches (D:1)
  4 goblins
  3 hobgoblins
  4 jackals (D:2)
  A quokka (D:1)
  5 bats
  2 kobolds (D:1)
  2 rats (D:1)
39 creatures vanquished.

Vanquished Creatures (others)
  4 fungi (D:1)
  4 toadstools (D:1)
8 creatures vanquished.

Grand Total: 47 creatures vanquished

Notes
Turn   | Place    | Note
-------+----------+-------------------------------------------
     0 | D:1      | Nietzsche the Vampire Gladiator began the quest for the
                  | Orb.
     0 | D:1      | Reached XP level 1. HP: 16/16 MP: 1/1
   140 | D:1      | Reached XP level 2. HP: 21/22 MP: 2/2
   679 | D:1      | Gained mutation: You are afflicted with vampirism and can
                  | become a bat while bloodless. [Vampire growth]
   679 | D:1      | Reached XP level 3. HP: 27/27 MP: 3/3
  1062 | D:2      | Noticed Sigmund
  1084 | D:2      | HP: 1/27 [Sigmund/magic dart (6)]
  1090 | D:2      | Slain by Sigmund

Illustrated notes

Levels and vault maps discovered:
D:1:      dpeg_arrival_rooms_a, layout_loops_ring, dreamdust_princess_corridor,
          minmay_gold_behind_fungi, minmay_pentomino_o4
D:2:      layout_loops_ring, hellmonk_ecumenical_altar_inner_sanctum,
          serial_shops, nicolae_square_shop, uniq_sigmund

Skill      XL: |  1  2  3 |
---------------+----------+-----
Fighting       | 2 |  2.2
Long Blades    | |  3.6
Throwing       | |  1.8
Armour         | |  0.8
Dodging        | |  3.8
Stealth        | |  0.2

Action                   || total
-------------------------++-------
Melee: Long sword        ||   117
       Bite              ||     8
  Use: Potion            ||     3
Armor: Leather armour    ||    41
Dodge: Dodged            ||    92

Table legend: (Time is in decaauts)
 A = Elapsed time spent in this place.
 B = Non-inter-level travel time spent in this place.
 C = Inter-level travel time spent in this place.
 D = Time resting spent in this place.
 E = Time spent auto-exploring this place.
 F = Levels seen in this place.
 G = Mean time per level.
                   A        B        C        D        E       F      G
               +--------+--------+--------+--------+--------+-----+--------+
         Total |   1116 |   1116 |      0 |      0 |    759 |   2 |  558.0 |
       Dungeon |   1116 |   1116 |      0 |      0 |    759 |   2 |  558.0 |
               +--------+--------+--------+--------+--------+-----+--------+

Top non-repeatable levels by time:
     D:1: 734 daAuts
     D:2: 382 daAuts
